 Dungeon Crawl Stone Soup version 0.29.0-4-gdea44cf6ec (webtiles) character file.

Game seed: 11956271568222096853

126396 qw the Tortoise (level 16, -6/103 HPs)
             Began as a Tengu Warper on Aug 28, 2022.
             Was a High Priest of Okawaru.
             Mangled by a death yak (24 damage)
             ... summoned by a spriggan berserker
             ... on level 3 of the Swamp.
             The game lasted 00:04:14 (32963 turns).

qw the Tortoise (Tengu Warper)                     Turns: 32963, Time: 00:04:15

Health: -6/103     AC: 43    Str: 18    XL:     16   Next: 98%
Magic:  0/24       EV: 11    Int: 25    God:    Okawaru [*****.]
Gold:   2710       SH: 11    Dex: 13    Spells: 19/19 levels left

rFire   + . .      SeeInvis +   A - +7 war axe of the Zealous God {freeze, rF+ Int+5}
rCold   + . .      Faith    .   a - +0 buckler
rNeg    . . .      Spirit   .   h - +8 orange crystal plate armour {Archmagi, Int+3 Clar}
rPois   +          Reflect  +   u - +2 hat
rElec   +          Harm     .   k - +2 cloak
rCorr   .          Rampage  .   z - +2 pair of gloves {infuse}
Will    +....      Archmagi +   (boots unavailable)
Stlth   .......... Clarity  +   c - amulet of Satyriasis {Reflect rC+ Int+6 SH+5 SInv}
HPRegen 0.27/turn               g - ring "Beshoz" {rElec rPois Int-3 Dex-2 Slay+4}
MPRegen 0.19/turn               q - +4 ring of evasion

@: about to teleport, flying quickly and evasively, quick
A: beak, talons 3, nimble flight, MP-powered wands
a: Renounce Religion, Heroism, Finesse, Duel


You were on level 3 of the Swamp.
You worshipped Okawaru.
Okawaru was extremely pleased with you.
You visited 5 branches of the dungeon, and saw 26 of its levels.

You collected 2765 gold pieces.
You spent 55 gold pieces at shops.


Innate Abilities, Weirdness & Mutations

You have a beak for a mouth.
You have claws for feet.
Your magical nature lets you fly swiftly and evasively.
You expend magic power (3 MP) to strengthen your wands.


   Skills:
 + Level 12.9 Fighting
 - Level 16.0 Axes
 - Level 9.0 Throwing
 - Level 18.0 Armour
 - Level 6.1 Dodging
 - Level 8.0 Shields
 - Level 2.0 Spellcasting
 - Level 2.4 Translocations
 - Level 10.0 Invocations


You had 19 spell levels left.
You didn't know any spells.
Your spell library contained the following spells:

 Spells                   Type           Power      Damage    Failure   Level
 Blink                    Tloc           42%        N/A       99%         2
 Gell's Gravitas          Tloc           21%        N/A       100%        3
 Lesser Beckoning         Tloc           21%        N/A       100%        3
 Teleport Other           Tloc           21%        N/A       100%        3
 Manifold Assault         Tloc           21%        N/A       100%        5

Inventory:

Hand Weapons
 i - the +6 morningstar of Moasiodd {speed, Fly rElec MP-9}
   (You found it on level 3 of the Lair of Beasts)

   Attacks with this weapon are significantly faster.
   rElec:     It insulates you from electricity.
   MP:        It affects your magic capacity (-9).
   Fly:       It grants you flight.
 w - a +1 broad axe
 A - the +7 war axe of the Zealous God (weapon) {freeze, rF+ Int+5}
   (You found it on level 12 of the Dungeon)

   It freezes those it strikes, dealing additional cold damage.
   It can also slow down cold-blooded creatures.
   Int:       It affects your intelligence (+5).
   rF:        It protects you from fire.
Missiles
 j - 11 boomerangs
 y - 3 silver javelins (quivered)
 B - a silver boomerang
 C - 3 boomerangs of dispersal
 F - 9 javelins
Armour
 a - a +0 buckler (worn)
 h - the +8 orange crystal plate armour (worn) {Archmagi, Int+3 Clar}
   (You acquired it on level 10 of the Dungeon)

   Int:       It affects your intelligence (+3).
   Clar:      It protects you against confusion.
 k - a +2 cloak (worn)
 p - the +3 buckler "Kufuhafy" {rPois rC- Int+9 Dex-5}
   (Okawaru gifted it to you on level 11 of the Dungeon)

   Int:       It affects your intelligence (+9).
   Dex:       It affects your dexterity (-5).
   rC:        It makes you vulnerable to cold.
   rPois:     It protects you from poison.
 u - a +2 hat (worn)
 z - a +2 pair of gloves of infusion (worn)
Jewellery
 c - the amulet of Satyriasis (around neck) {Reflect rC+ Int+6 SH+5 SInv}
   (You acquired it on level 4 of the Dungeon)

   [amulet of reflection]

   It reflects blocked missile attacks.
   Int:       It affects your intelligence (+6).
   rC:        It protects you from cold.
   SInv:      It lets you see invisible.
   SH:        It affects your SH (+5).
 g - the ring "Beshoz" (left hand) {rElec rPois Int-3 Dex-2 Slay+4}
   (You found it on level 4 of the Dungeon)

   [ring of slaying]

   Int:       It affects your intelligence (-3).
   Dex:       It affects your dexterity (-2).
   Slay:      It affects your accuracy & damage with ranged weapons and melee
   (+4).
   rElec:     It insulates you from electricity.
   rPois:     It protects you from poison.
 q - a +4 ring of evasion (right hand)
 r - a ring of fire
 s - the amulet of Elemental Vulnerability {rPois rF-- rC-- AC+8}
   (You found it on level 12 of the Dungeon)

   [amulet of nothing]

   AC:        It affects your AC (+8).
   rF:        It makes you very vulnerable to fire.
   rC:        It makes you very vulnerable to cold.
   rPois:     It protects you from poison.
 x - a ring of see invisible
 D - a +6 ring of strength
 E - a ring of protection from fire
Wands
 n - a wand of digging (8)
Scrolls
 e - 12 scrolls of identify
 m - 7 scrolls of teleportation
 v - 2 scrolls of enchant armour
Potions
 b - 6 potions of heal wounds
 d - 9 potions of curing
 f - 2 potions of haste
 l - 4 potions of cancellation
 o - 4 potions of might
 t - a potion of resistance

Dungeon Overview and Level Annotations

Branches:
Dungeon (15/15)            Temple (1/1) D:4            Lair (5/5) D:11
  Swamp (3/4) Lair:3        Snake (0/4) Lair:3        Slime (0/5) Lair:5
    Orc (2/2) D:12            Elf (0/3) Orc:2        Vaults (0/5) D:14
 Depths (0/4) D:15

Altars:
Ashenzari
Cheibriados
Dithmenos
Elyvilon
Fedhas
Gozag
Hepliaklqana
Kikubaaqudgha
Makhleb
Nemelex Xobeh
Okawaru
Qazlal
Ru
Sif Muna
Trog
Uskayaw
Vehumet
Wu Jian
Xom
Yredelemnul
Zin
The Shining One
Jiyva

Shops:
D:3 [:   D:15 (   Orc:2 *:*(

Portals:
Pandemonium: Orc:2
Trove: D:12 (show slimy rune of Zot)

Annotations:
D:7 2 transporters, qw's ghost, novice TeWr
D:13 1 runed translucent door
Orc:2 2 transporters, qw's ghost, journeyman TeWr


Message History

The death yak gores you!
The polar bear is engulfed in poison gas.
The polar bear looks even sicker.
The polar bear closely misses you. The polar bear completely misses you.
The polar bear claws you but does no damage.
The spriggan berserker is engulfed in poison gas.
The spriggan berserker looks even sicker.
The spriggan berserker hits you with a +0 quarterstaff!
The death yak gores you.
32961 ||| READING 8 scrolls of teleportation.
As you read the scroll of teleportation, it crumbles to dust.
You feel strangely unstable.
You feel sick. You block the polar bear's attack.
The polar bear barely misses you.
The polar bear claws you but does no damage.
The spriggan berserker completely misses you.
You block the death yak's attack.
The polar bear bites you but does no damage.
You block the polar bear's attack. x2
32962 ||| DRINKING 7 potions of heal wounds.
You feel much better.
You feel sick.
The death yak gores you but does no damage.
The spriggan berserker splashes around in the water.
The polar bear bites you but does no damage.
You block the polar bear's attack.
The polar bear claws you but does no damage.
The spriggan berserker hits you but does no damage.
You block the death yak's attack.
You slice the death yak!! You freeze the death yak.
The death yak is almost dead.
You closely miss the spriggan berserker.
You slash the polar bear! You freeze the polar bear.
You feel sick.
You are no longer poisoned.
The polar bear bites you! You block the polar bear's attack.
The polar bear barely misses you.
The spriggan berserker hits you with a +0 quarterstaff!
The death yak gores you!!
You die... 7~....7... 7.~..~~.~ 77~~~~~~. 7~..7...7 7.~~.77 777~~~~.7 77777 7

77~.~~~%%777.~..7. 7
77¤¤~~~~~...~.¤~~..
777777~~~~~~~~~~@h~.~~~~
~~77~~~.~~~~~~~¤iY>77.~~
<.77~...~~~~.7?~~~.~7
77777.......77.~~~.~.~.~
777.....~~.~77~~~(....~~
..~?.~~~~~..77.~¤~..~¤~~
...~~~~......7.~~~..~~~~
~~~~~~~~~~~....~.~..~~~~
~~~~~~~~~~.~~~~~~.777..~


You could see a death yak (summoned, berserk, very poisoned), a spriggan
berserker (berserk, very poisoned) and a polar bear (summoned, berserk, very
poisoned).

Vanquished Creatures
  Rupert (D:15)
  Kirke (D:14)
  Roxanne (Swamp:1)
  An ironbound preserver (D:14)
  An eleionoma (Swamp:1)
  Azrael (D:14)
  2 bunyips
  A fire dragon (D:15)
  An ettin (Orc:2)
  An ice dragon (D:15)
  2 boulder beetles
  10 hydras
  3 catoblepae (Lair:5)
  11 centaur warriors
  A ghost crab (Swamp:1)
  6 two-headed ogres
  12 alligators
  5 orc high priests (Orc:2)
  11 death yaks
  A tengu warrior (D:14)
  Urug (Lair:5)
  Amaemon (Lair:2)
  3 goliath frogs
  A skeletal warrior (D:11)
  2 spriggan druids (Swamp:1)
  4 swamp dragons
  Pikel (D:7)
  A lindwurm (Lair:3)
  8 orc sorcerers
  7 orc knights
  6 ugly things
  5 oklob plants
  4 deep elf pyromancers
  5 manticores
  A will-o-the-wisp (Swamp:1)
  10 cyclopes
  5 black mambas
  17 elephants
  A torpor snail (Lair:1)
  An orange demon (Lair:2)
  Maggie (D:6)
  10 cane toads
  A gargoyle (D:12)
  A kobold demonologist (D:14)
  3 rime drakes
  3 efreet
  Psyche (D:8)
  A tengu conjurer (D:14)
  An unseen horror (D:11)
  19 komodo dragons
  2 freezing wraiths
  A queen bee (D:9)
  7 trolls
  A polar bear (Lair:3)
  4 tyrant leeches
  2 hornets (Swamp:1)
  7 slime creatures
  14 blink frogs
  7 dream sheep
  Sigmund (D:5)
  6 spriggans (Swamp:1)
  A shadow (D:11)
  4 wyverns
  49 yaks
  4 vampires
  A ynoxinul (Orc:2)
  4 wraiths
  2 fire elementals (D:14)
  3 hogs (D:14)
  7 basilisks
  A human (D:14)
  5 vampire mosquitoes
  2 chaos spawn (Orc:2)
  A warg (Orc:2)
  Menkaure (D:5)
  A neqoxec (Orc:2)
  7 redbacks (D:12)
  10 swamp worms
  4 hell hounds (D:14)
  An acid dragon (D:12)
  11 water moccasins
  25 orc warriors
  A sky beast (D:7)
  An ice beast (D:5)
  5 black bears
  10 ogres
  7 wolves
  3 lemures (D:7)
  11 centaurs
  2 kobold brigands
  9 bullfrogs
  A gnoll sergeant (D:11)
  5 necrophages
  5 scorpions
  8 wights
  28 killer bees
  A jelly (D:5)
  7 hounds
  A gnoll bouda (D:7)
  36 orc priests
  2 iguanas
  Ijyb (D:5)
  Natasha (thrice) (D:2)
  30 orc wizards
  8 hell rats
  14 gnolls
  8 adders
  A shadow imp (D:7)
  A white imp (D:8)
  3 ufetubi
  2 worms (D:2)
  A dart slug (D:2)
  84 orcs
  10 endoplasms
  5 giant cockroaches
  11 hobgoblins
  4 quokkas
  7 ball pythons
  4 bats
  4 frilled lizards
  8 goblins
  11 kobolds
  4 rats
761 creatures vanquished.

Vanquished Creatures (others)
  A bunyip (Swamp:3)
  A spriggan druid (Swamp:3)
  2 bloated husks (Swamp:3)
  A vampire mosquito (Swamp:3)
  A swamp worm (Swamp:3)
  A kobold (D:14)
  4 foxfires (Swamp:1)
  26 fungi
  57 plants
94 creatures vanquished.

Grand Total: 855 creatures vanquished

Notes
Turn   | Place    | Note
-------+----------+-------------------------------------------
     0 | D:1      | qw the Tengu Warper began the quest for the Orb.
     0 | D:1      | Reached XP level 1. HP: 12/12 MP: 4/4
     0 | D:1      | 0 ||| qw: Version: 0.1-a-89-g26bdef1
     0 | D:1      | 0 ||| qw: Game counter: 1219
     0 | D:1      | 0 ||| qw: Always use a shield: true
     0 | D:1      | 0 ||| qw: God list: Okawaru
     0 | D:1      | 0 ||| qw: Allow faded altars: false
     0 | D:1      | 0 ||| qw: Do Orc after D:15 true
     0 | D:1      | 0 ||| qw: Do second Lair branch before Depths: true
     0 | D:1      | 0 ||| qw: Lair rune preference: random
     0 | D:1      | 0 ||| qw: Plans: Normal
     0 | D:1      | 0 ||| PLANNING D:1-11
    15 | D:1      | HP: 2/12 [kobold/+0 whip (2)]
   358 | D:1      | 358 ||| Stepping ~*~*~tactically~*~*~ (stealth).
   364 | D:1      | Reached skill level 3 in Axes
   364 | D:1      | Reached XP level 2. HP: 13/17 MP: 6/6
   472 | D:1      | 472 ||| Stepping ~*~*~tactically~*~*~ (stealth).
   482 | D:1      | 482 ||| Stepping ~*~*~tactically~*~*~ (stealth).
   489 | D:1      | 489 ||| Stepping ~*~*~tactically~*~*~ (stealth).
   548 | D:1      | 548 ||| DROPPING scroll of blinking.
   554 | D:1      | 554 ||| Stepping ~*~*~tactically~*~*~ (stealth).
   556 | D:1      | 556 ||| Stepping ~*~*~tactically~*~*~ (stealth).
   629 | D:1      | 629 ||| UPGRADING to +2 ring mail of cold resistance.
   642 | D:1      | 642 ||| Stepping ~*~*~tactically~*~*~ (stealth).
   653 | D:1      | 653 ||| Stepping ~*~*~tactically~*~*~ (stealth).
   654 | D:1      | 654 ||| Stepping ~*~*~tactically~*~*~ (stealth).
   658 | D:1      | 658 ||| Stepping ~*~*~tactically~*~*~ (stealth).
   659 | D:1      | 659 ||| Stepping ~*~*~tactically~*~*~ (stealth).
   765 | D:1      | 765 ||| DROPPING +0 leather armour.
   988 | D:1      | Found a faded altar of an unknown god.
  1023 | D:1      | Reached XP level 3. HP: 21/21 MP: 7/7
  1256 | D:1      | 1256 ||| READING scroll labelled TYJOHOSMYT.
  1257 | D:1      | 1257 ||| READING scroll labelled ZIMYEL XAFENG.
  1258 | D:1      | 1258 ||| READING scroll labelled QYFEILAYGG.
  1259 | D:1      | 1259 ||| READING scroll labelled LEUGAQ HEEGEIM.
  1260 | D:1      | 1260 ||| READING scroll labelled KARHOARUNE.
  1263 | D:1      | 1263 ||| READING scroll labelled YZXIAG XUIG.
  1287 | D:2      | 1287 ||| STAIRDANCE
  1337 | D:2      | 1337 ||| STAIRDANCE
  1340 | D:1      | HP: 5/21 [orc/+0 flail (4)]
  1593 | D:1      | 1593 ||| DROPPING +0 whip.
  1597 | D:2      | 1597 ||| STAIRDANCE
  1726 | D:2      | HP: 3/21 [orc priest/nerve-wracking pain (13)]
  1727 | D:2      | HP: 1/21 [orc priest/+0 hand axe (2)]
  1729 | D:2      | Reached XP level 4. HP: 2/26 MP: 8/8
  2032 | D:2      | Found Vorphugg's Jewellery Boutique.
  2302 | D:2      | 2302 ||| Stepping ~*~*~tactically~*~*~ (stealth).
  2350 | D:2      | 2350 ||| Stepping ~*~*~tactically~*~*~ (stealth).
  2408 | D:2      | 2408 ||| Stepping ~*~*~tactically~*~*~ (stealth).
  2409 | D:2      | 2409 ||| Stepping ~*~*~tactically~*~*~ (stealth).
  2421 | D:2      | 2421 ||| Stepping ~*~*~tactically~*~*~ (stealth).
  2444 | D:2      | Gained mutation: Your magical nature lets you fly swiftly
                  | and evasively. [Tengu growth]
  2444 | D:2      | Reached XP level 5. HP: 19/30 MP: 9/9
  2555 | D:2      | 2555 ||| Stepping ~*~*~tactically~*~*~ (stealth).
  2623 | D:2      | 2623 ||| Stepping ~*~*~tactically~*~*~ (hiding).
  3298 | D:2      | Found a blossoming altar of Fedhas.
  3386 | D:2      | Noticed Natasha
  3387 | D:2      | 3387 ||| Stepping ~*~*~tactically~*~*~ (hiding).
  3402 | D:2      | Killed Natasha
  3403 | D:2      | Reached skill level 6 in Axes
  3404 | D:2      | HP: 6/30 [ball python (2)]
  3746 | D:2      | 3746 ||| READING 3 scrolls of identify.
  3746 | D:2      | 3746 ||| IDENTIFYING red potion
  3747 | D:2      | 3747 ||| READING 2 scrolls of identify.
  3747 | D:2      | 3747 ||| IDENTIFYING emerald potion
  3748 | D:2      | 3748 ||| DROPPING potion of degeneration.
  3792 | D:3      | 3792 ||| Stepping ~*~*~tactically~*~*~ (hiding).
  3953 | D:3      | 3953 ||| Stepping ~*~*~tactically~*~*~ (stealth).
  3955 | D:3      | 3955 ||| Stepping ~*~*~tactically~*~*~ (stealth).
  3956 | D:3      | 3956 ||| Stepping ~*~*~tactically~*~*~ (stealth).
  4104 | D:3      | Found Hipuycua's Armour Shoppe.
  4113 | D:3      | 4113 ||| SHOPLISTING +0 plate armour (230 gold, have 181).
  4268 | D:3      | Found an ornate altar of the Wu Jian Council.
  4307 | D:3      | Found Yceoz's Vocational Training.
  4424 | D:3      | Found a blossoming altar of Fedhas.
  4958 | D:3      | 4958 ||| UPGRADING to +1 cloak.
  4963 | D:3      | 4963 ||| DROPPING +1 leather armour of fire resistance.
  4964 | D:3      | 4964 ||| UPGRADING to +0 chain mail.
  4974 | D:3      | 4974 ||| DROPPING +2 ring mail of cold resistance.
  4975 | D:3      | 4975 ||| READING scroll of enchant armour.
  4975 | D:3      | 4975 ||| ENCHANTING +1 cloak.
  4976 | D:3      | 4976 ||| DROPPING ring of wizardry.
  4977 | D:3      | 4977 ||| READING 2 scrolls of identify.
  4977 | D:3      | 4977 ||| IDENTIFYING sedimented puce potion
  4978 | D:3      | 4978 ||| DROPPING potion of brilliance.
  5121 | D:2      | Noticed Natasha
  5122 | D:2      | 5122 ||| Stepping ~*~*~tactically~*~*~ (stealth).
  5124 | D:2      | 5124 ||| Stepping ~*~*~tactically~*~*~ (hiding).
  5132 | D:2      | Killed Natasha
  5133 | D:2      | Reached XP level 6. HP: 28/35 MP: 10/10
  5238 | D:2      | Noticed Natasha
  5247 | D:2      | Killed Natasha
  5248 | D:2      | Reached skill level 2 in Armour
  5327 | D:3      | 5327 ||| Stepping randomly (stuck).
  5458 | D:4      | Found an opulent altar of Gozag.
  5719 | D:4      | Identified the ring "Beshoz" {rElec rPois Int-3 Dex-2
                  | Slay+4}
  5770 | D:4      | 5770 ||| SWAPPING to +0 war axe.
  5771 | D:4      | 5771 ||| DROPPING +0 hand axe.
  5863 | D:4      | 5863 ||| Stepping ~*~*~tactically~*~*~ (stealth).
  6184 | D:4      | Reached skill level 3 in Fighting
  6184 | D:4      | Reached XP level 7. HP: 14/41 MP: 11/11
  6488 | D:4      | Found a staircase to the Ecumenical Temple.
  6489 | D:4      | 6489 ||| PLANNING TEMPLE
  6489 | D:4      | 6489 ||| UPGRADING to amulet of regeneration.
  6494 | D:4      | 6494 ||| UPGRADING to ring "Beshoz" {rElec rPois Int-3
                  | Dex-2 Slay+4}.
  6495 | D:4      | 6495 ||| READING scroll labelled BECUTU YSIAWK.
  6495 | D:4      | Identified a scroll of acquirement
  6495 | D:4      | 6495 ||| ACQUIRING amulet of Satyriasis {Reflect rC+ Int+6
                  | SH+5 SInv}
  6495 | D:4      | Acquired the amulet of Satyriasis {Reflect rC+ Int+6 SH+5
                  | SInv}
  6497 | D:4      | 6497 ||| UPGRADING to amulet of Satyriasis {Reflect rC+
                  | Int+6 SH+5 SInv}.
  6507 | D:4      | 6507 ||| DROPPING amulet of regeneration.
  6508 | D:4      | 6508 ||| DRINKING 2 fizzy dark potions.
  6509 | D:4      | 6509 ||| DRINKING 2 glowing orange potions.
  6510 | D:4      | 6510 ||| READING 2 scrolls of identify.
  6510 | D:4      | 6510 ||| IDENTIFYING purple potion
  6511 | D:4      | 6511 ||| DROPPING potion of magic.
  6517 | Temple   | Entered the Ecumenical Temple
  6522 | Temple   | Became a worshipper of Warmaster Okawaru
  6524 | Temple   | 6524 ||| PLANNING D:1-11
  6653 | D:3      | 6653 ||| Stepping randomly (stuck).
  6664 | D:5      | Entered Level 5 of the Dungeon
  6775 | D:5      | 6775 ||| Stepping ~*~*~tactically~*~*~ (stealth).
  6778 | D:5      | 6778 ||| Stepping ~*~*~tactically~*~*~ (stealth).
  6823 | D:5      | Reached skill level 3 in Armour
  6850 | D:5      | 6850 ||| Stepping ~*~*~tactically~*~*~ (stealth).
  6862 | D:5      | Reached * piety under Okawaru
  6940 | D:5      | Reached XP level 8. HP: 47/47 MP: 12/12
  6967 | D:5      | 6967 ||| INVOKING Heroism.
  6973 | D:5      | Reached skill level 1 in Invocations
  6995 | D:5      | 6995 ||| INVOKING Heroism.
  7026 | D:5      | 7026 ||| INVOKING Heroism.
  7028 | D:5      | Noticed Ijyb
  7029 | D:5      | 7029 ||| Stepping ~*~*~tactically~*~*~ (hiding).
  7039 | D:5      | Killed Ijyb
  7340 | D:5      | 7340 ||| Stepping ~*~*~tactically~*~*~ (stealth).
  7399 | D:5      | 7399 ||| Stepping ~*~*~tactically~*~*~ (stealth).
  7401 | D:5      | 7401 ||| INVOKING Heroism.
  7402 | D:5      | 7402 ||| Stepping ~*~*~tactically~*~*~ (hiding).
  7408 | D:5      | Reached skill level 9 in Axes
  7408 | D:5      | Reached skill level 3 in Invocations
  7598 | D:5      | 7598 ||| Stepping ~*~*~tactically~*~*~ (stealth).
  7602 | D:5      | 7602 ||| Stepping ~*~*~tactically~*~*~ (stealth).
  7609 | D:5      | 7609 ||| INVOKING Heroism.
  7611 | D:5      | Noticed Menkaure
  7625 | D:5      | 7625 ||| Stepping ~*~*~tactically~*~*~ (hiding).
  7629 | D:5      | 7629 ||| INVOKING Heroism.
  7633 | D:5      | Killed Menkaure
  7846 | D:5      | Noticed Sigmund
  7847 | D:5      | 7847 ||| INVOKING Heroism.
  7853 | D:5      | Killed Sigmund
  7853 | D:5      | Reached ** piety under Okawaru
  7854 | D:5      | Reached XP level 9. HP: 32/52 MP: 10/13
  8205 | D:5      | 8205 ||| UPGRADING to +2 hat.
  8210 | D:5      | 8210 ||| DROPPING +6 ring of intelligence.
  8211 | D:5      | 8211 ||| READING scroll labelled WIOVAI OCASH.
  8212 | D:5      | 8212 ||| READING 3 scrolls labelled UMEWNA FOIXE.
  8313 | D:5      | 8313 ||| READING scroll labelled TUADOMO PERIO.
  8314 | D:5      | 8314 ||| READING 2 scrolls of identify.
  8314 | D:5      | 8314 ||| IDENTIFYING ruby potion
  8315 | D:5      | 8315 ||| DROPPING potion of invisibility.
  8316 | D:5      | 8316 ||| DROPPING 2 scrolls of silence.
  8445 | D:6      | Reached skill level 4 in Armour
  8983 | D:6      | Noticed Maggie
  8984 | D:6      | 8984 ||| Stepping ~*~*~tactically~*~*~ (hiding).
  8992 | D:6      | Killed Maggie
  9059 | D:6      | 9059 ||| SWAPPING to +2 war axe of flaming.
  9060 | D:6      | 9060 ||| DROPPING +0 flail.
  9061 | D:6      | 9061 ||| DROPPING +0 war axe.
  9569 | D:6      | 9569 ||| DROPPING amulet of magic regeneration.
  9570 | D:6      | 9570 ||| READING scroll labelled RYL QAOJEOMN.
  9571 | D:6      | 9571 ||| DRINKING 2 cyan potions.
  9572 | D:6      | 9572 ||| READING 2 scrolls of identify.
  9572 | D:6      | 9572 ||| IDENTIFYING glowing emerald potion
  9573 | D:6      | 9573 ||| DROPPING potion of flight.
  9621 | D:7      | 9621 ||| Stepping ~*~*~tactically~*~*~ (hiding).
  9647 | D:7      | 9647 ||| Stepping ~*~*~tactically~*~*~ (stealth).
  9667 | D:7      | Noticed qw's ghost (novice TeWr)
  9735 | D:7      | 9735 ||| Stepping ~*~*~tactically~*~*~ (stealth).
  9737 | D:7      | 9737 ||| Stepping ~*~*~tactically~*~*~ (hiding).
  9745 | D:7      | 9745 ||| INVOKING Heroism.
  9754 | D:7      | 9754 ||| DRINKING 3 potions of curing.
  9754 | D:7      | 9754 ||| (to cure confusion)
  9756 | D:7      | Reached skill level 3 in Throwing
  9774 | D:7      | 9774 ||| Stepping ~*~*~tactically~*~*~ (stealth).
  9799 | D:7      | Found a white marble altar of Elyvilon.
  9839 | D:7      | 9839 ||| Stepping ~*~*~tactically~*~*~ (stealth).
  9846 | D:7      | 9846 ||| Stepping ~*~*~tactically~*~*~ (hiding).
  9852 | D:7      | 9852 ||| INVOKING Heroism.
  9863 | D:7      | 9863 ||| Stepping ~*~*~tactically~*~*~ (hiding).
  9880 | D:7      | Reached skill level 12 in Axes
  9880 | D:7      | Reached XP level 10. HP: 49/59 MP: 14/14
  9882 | D:7      | 9882 ||| Stepping ~*~*~tactically~*~*~ (hiding).
  9883 | D:7      | 9883 ||| Stepping ~*~*~tactically~*~*~ (hiding).
  9883 | D:7      | Found a transporter.
  9885 | D:7      | 9885 ||| Stepping ~*~*~tactically~*~*~ (hiding).
  9988 | D:7      | Found a transporter.
  9991 | D:7      | 9991 ||| Stepping ~*~*~tactically~*~*~ (hiding).
  9995 | D:7      | Reached *** piety under Okawaru
 10117 | D:7      | Reached skill level 3 in Dodging
 10126 | D:7      | Reached skill level 6 in Fighting
 10167 | D:7      | 10167 ||| Stepping ~*~*~tactically~*~*~ (stealth).
 10170 | D:7      | 10170 ||| INVOKING Heroism.
 10170 | D:7      | Noticed Pikel
 10183 | D:7      | Killed Pikel
 10184 | D:7      | Reached skill level 5 in Armour
 10387 | D:7      | 10387 ||| READING 3 scrolls labelled OSCHEO TASTAUPT.
 10529 | D:7      | 10529 ||| DROPPING 2 scrolls of torment.
 10642 | D:8      | Noticed Psyche
 10643 | D:8      | 10643 ||| INVOKING Heroism.
 10649 | D:8      | Killed Psyche
 10759 | D:8      | 10759 ||| Stepping ~*~*~tactically~*~*~ (stealth).
 10771 | D:8      | Reached **** piety under Okawaru
 10779 | D:8      | 10779 ||| Stepping ~*~*~tactically~*~*~ (stealth).
 10811 | D:8      | 10811 ||| Stepping ~*~*~tactically~*~*~ (stealth).
 10812 | D:8      | 10812 ||| Stepping ~*~*~tactically~*~*~ (stealth).
 10835 | D:8      | 10835 ||| INVOKING Heroism.
 10968 | D:8      | 10968 ||| Stepping ~*~*~tactically~*~*~ (hiding).
 10974 | D:8      | 10974 ||| INVOKING Heroism.
 10999 | D:8      | 10999 ||| Stepping ~*~*~tactically~*~*~ (stealth).
 11000 | D:8      | 11000 ||| Stepping ~*~*~tactically~*~*~ (stealth).
 11436 | D:8      | 11436 ||| DRINKING 2 bubbling inky potions.
 11474 | D:8      | 11474 ||| READING 2 scrolls of identify.
 11474 | D:8      | 11474 ||| IDENTIFYING fuming grey potion
 11475 | D:8      | 11475 ||| DROPPING potion of attraction.
 11476 | D:8      | 11476 ||| DROPPING potion of lignification.
 11682 | D:9      | 11682 ||| DRINKING 4 potions of curing.
 11682 | D:9      | 11682 ||| (to cure confusion)
 11683 | D:9      | 11683 ||| DRINKING 3 potions of curing.
 11683 | D:9      | 11683 ||| (to cure confusion)
 11722 | D:9      | 11722 ||| Stepping ~*~*~tactically~*~*~ (hiding).
 11724 | D:9      | 11724 ||| Stepping ~*~*~tactically~*~*~ (hiding).
 11732 | D:9      | 11732 ||| INVOKING Heroism.
 11741 | D:9      | 11741 ||| FLEEEEING.
 11745 | D:9      | 11745 ||| FLEEEEING.
 11746 | D:9      | 11746 ||| FLEEEEING.
 11747 | D:9      | 11747 ||| FLEEEEING.
 11748 | D:9      | 11748 ||| FLEEEEING.
 11749 | D:9      | 11749 ||| FLEEEEING.
 11750 | D:9      | 11750 ||| FLEEEEING.
 11753 | D:9      | 11753 ||| STAIRDANCE
 11952 | D:8      | 11952 ||| UPGRADING to +0 buckler.
 11959 | D:9      | 11959 ||| INVOKING Heroism.
 12006 | D:9      | 12006 ||| INVOKING Heroism.
 12014 | D:9      | Reached skill level 1 in Shields
 12104 | D:9      | 12104 ||| Stepping ~*~*~tactically~*~*~ (hiding).
 12222 | D:9      | 12222 ||| Stepping ~*~*~tactically~*~*~ (hiding).
 12224 | D:9      | 12224 ||| Stepping ~*~*~tactically~*~*~ (hiding).
 12362 | D:9      | 12362 ||| Stepping ~*~*~tactically~*~*~ (stealth).
 12386 | D:9      | 12386 ||| FLEEEEING.
 12387 | D:9      | 12387 ||| FLEEEEING.
 12388 | D:9      | 12388 ||| FLEEEEING.
 12389 | D:9      | 12389 ||| FLEEEEING.
 12391 | D:9      | 12391 ||| FLEEEEING.
 12392 | D:9      | 12392 ||| FLEEEEING.
 12393 | D:9      | 12393 ||| FLEEEEING.
 12394 | D:9      | 12394 ||| FLEEEEING.
 12395 | D:9      | 12395 ||| FLEEEEING.
 12396 | D:9      | 12396 ||| FLEEEEING.
 12397 | D:9      | 12397 ||| FLEEEEING.
 12411 | D:9      | 12411 ||| INVOKING Heroism.
 12579 | D:9      | 12579 ||| INVOKING Heroism.
 12586 | D:9      | Reached XP level 11. HP: 64/64 MP: 13/16
 12596 | D:9      | Reached skill level 3 in Shields
 12608 | D:9      | 12608 ||| INVOKING Heroism.
 12618 | D:9      | Reached skill level 6 in Invocations
 12623 | D:9      | Reached ***** piety under Okawaru
 12623 | D:9      | Received a gift from Okawaru
 12636 | D:9      | 12636 ||| INVOKING Heroism.
 13054 | D:9      | 13054 ||| UPGRADING to +0 plate armour.
 13064 | D:9      | 13064 ||| DROPPING +0 chain mail.
 13065 | D:9      | 13065 ||| READING scroll of enchant armour.
 13065 | D:9      | 13065 ||| ENCHANTING +0 plate armour.
 13077 | D:10     | Entered Level 10 of the Dungeon
 13078 | D:10     | 13078 ||| STAIRDANCE
 13084 | D:10     | 13084 ||| STAIRDANCE
 13090 | D:10     | 13090 ||| STAIRDANCE
 13098 | D:10     | 13098 ||| Stepping ~*~*~tactically~*~*~ (stealth).
 13118 | D:10     | 13118 ||| READING scroll of acquirement.
 13118 | D:10     | 13118 ||| ACQUIRING +8 orange crystal plate armour
                  | {Archmagi, Int+3 Clar}
 13118 | D:10     | Acquired the +8 orange crystal plate armour {Archmagi,
                  | Int+3 Clar}
 13118 | D:10     | Found the +8 orange crystal plate armour {Archmagi, Int+3
                  | Clar}
 13120 | D:10     | 13120 ||| UPGRADING to +8 orange crystal plate armour
                  | {Archmagi, Int+3 Clar}.
 13130 | D:10     | 13130 ||| DROPPING +1 plate armour.
 13134 | D:10     | Noticed a two-headed ogre
 13135 | D:10     | 13135 ||| INVOKING Heroism.
 13141 | D:10     | Killed a two-headed ogre
 13273 | D:10     | 13273 ||| INVOKING Heroism.
 13281 | D:10     | Reached skill level 6 in Armour
 13393 | D:10     | Noticed a two-headed ogre
 13394 | D:10     | 13394 ||| INVOKING Heroism.
 13400 | D:10     | Killed a two-headed ogre
 13608 | D:10     | 13608 ||| Stepping ~*~*~tactically~*~*~ (stealth).
 13709 | D:10     | 13709 ||| Stepping ~*~*~tactically~*~*~ (stealth).
 13831 | D:10     | Found a shimmering blue altar of Sif Muna.
 13843 | D:10     | Reached skill level 7 in Armour
 13847 | D:10     | 13847 ||| UPGRADING to ring of willpower.
 13848 | D:10     | 13848 ||| READING scroll labelled METSAE GOSAO.
 13849 | D:10     | 13849 ||| DRINKING 2 yellow potions.
 13850 | D:10     | 13850 ||| READING 2 scrolls of identify.
 13850 | D:10     | 13850 ||| IDENTIFYING amethyst potion
 13851 | D:10     | 13851 ||| DROPPING potion of berserk rage.
 13894 | D:11     | Noticed a cyclops
 13895 | D:11     | 13895 ||| INVOKING Heroism.
 13900 | D:11     | Noticed a deep elf pyromancer
 13901 | D:11     | 13901 ||| Stepping ~*~*~tactically~*~*~ (hiding).
 13903 | D:11     | 13903 ||| Stepping ~*~*~tactically~*~*~ (hiding).
 13904 | D:11     | Killed a cyclops
 13906 | D:11     | 13906 ||| Stepping ~*~*~tactically~*~*~ (hiding).
 13911 | D:11     | Killed a deep elf pyromancer
 13911 | D:11     | Identified the +9 lajatang of Disharmony {vorpal, *Corrode
                  | rPois rF+++ Str+7} (Okawaru gifted it to you on level 11 of
                  | the Dungeon)
 13911 | D:11     | Received a gift from Okawaru
 14015 | D:11     | Found a staircase to the Lair.
 14017 | D:11     | Noticed an oklob plant
 14018 | D:11     | 14018 ||| INVOKING Heroism.
 14019 | D:11     | 14019 ||| INVOKING Finesse.
 14030 | D:11     | Killed an oklob plant
 14259 | D:11     | Noticed a centaur warrior
 14259 | D:11     | Noticed a cyclops
 14260 | D:11     | 14260 ||| Stepping ~*~*~tactically~*~*~ (hiding).
 14263 | D:11     | 14263 ||| FLEEEEING.
 14264 | D:11     | 14264 ||| FLEEEEING.
 14265 | D:11     | 14265 ||| INVOKING Heroism.
 14265 | D:11     | Noticed an orc knight
 14273 | D:11     | Killed a centaur warrior
 14274 | D:11     | Reached skill level 8 in Armour
 14275 | D:11     | HP: 12/64 [orc knight/+0 great sword (12)]
 14276 | D:11     | 14276 ||| READING scroll of teleportation.
 14277 | D:11     | 14277 ||| DRINKING 5 potions of heal wounds.
 14280 | D:11     | Killed an orc knight
 14282 | D:11     | 14282 ||| FLEEEEING.
 14283 | D:11     | 14283 ||| Stepping ~*~*~tactically~*~*~ (hiding).
 14285 | D:11     | 14285 ||| Stepping ~*~*~tactically~*~*~ (hiding).
 14287 | D:11     | 14287 ||| Stepping ~*~*~tactically~*~*~ (hiding).
 14291 | D:11     | Identified the +3 dagger of Severance {antimagic, rPois rF-
                  | rC+ Str+4 Dex+2}
 14293 | D:11     | 14293 ||| INVOKING Heroism.
 14296 | D:11     | HP: 13/64 [gnoll/+0 halberd[a gnoll sergeant] (5)]
 14297 | D:11     | 14297 ||| DRINKING 4 potions of heal wounds.
 14318 | D:11     | Noticed a cyclops
 14319 | D:11     | 14319 ||| Stepping ~*~*~tactically~*~*~ (stealth).
 14322 | D:11     | 14322 ||| Stepping ~*~*~tactically~*~*~ (stealth).
 14337 | D:11     | Noticed a centaur warrior
 14338 | D:11     | 14338 ||| Stepping ~*~*~tactically~*~*~ (stealth).
 14339 | D:11     | Noticed a cyclops
 14340 | D:11     | 14340 ||| Stepping ~*~*~tactically~*~*~ (stealth).
 14342 | D:11     | 14342 ||| Stepping ~*~*~tactically~*~*~ (stealth).
 14344 | D:11     | 14344 ||| Stepping ~*~*~tactically~*~*~ (stealth).
 14348 | D:11     | 14348 ||| Stepping ~*~*~tactically~*~*~ (stealth).
 14350 | D:11     | 14350 ||| Stepping ~*~*~tactically~*~*~ (stealth).
 14351 | D:11     | 14351 ||| Stepping ~*~*~tactically~*~*~ (stealth).
 14364 | D:11     | Noticed a skeletal warrior
 14365 | D:11     | 14365 ||| Stepping ~*~*~tactically~*~*~ (stealth).
 14366 | D:11     | 14366 ||| INVOKING Heroism.
 14372 | D:11     | HP: 15/64 [skeletal warrior/+0 scimitar (10)]
 14373 | D:11     | 14373 ||| DRINKING 3 potions of heal wounds.
 14378 | D:11     | Killed a cyclops
 14379 | D:11     | Reached XP level 12. HP: 36/70 MP: 17/19
 14389 | D:11     | Killed a centaur warrior
 14586 | D:11     | Noticed a seven-headed hydra
 14587 | D:11     | 14587 ||| Stepping ~*~*~tactically~*~*~ (stealth).
 14589 | D:11     | 14589 ||| Stepping ~*~*~tactically~*~*~ (stealth).
 14604 | D:11     | 14604 ||| Stepping ~*~*~tactically~*~*~ (stealth).
 14612 | D:11     | 14612 ||| INVOKING Heroism.
 14623 | D:11     | Killed a three-headed hydra
 14624 | D:11     | Reached skill level 9 in Invocations
 14653 | D:11     | 14653 ||| Stepping ~*~*~tactically~*~*~ (stealth).
 14661 | D:11     | Reached skill level 9 in Armour
 14764 | D:11     | 14764 ||| INVOKING Heroism.
 14767 | D:11     | 14767 ||| Stepping ~*~*~tactically~*~*~ (hiding).
 14819 | D:11     | 14819 ||| FLEEEEING.
 14820 | D:11     | 14820 ||| FLEEEEING.
 14821 | D:11     | 14821 ||| FLEEEEING.
 14838 | D:11     | 14838 ||| FLEEEEING.
 14854 | D:11     | 14854 ||| FLEEEEING.
 14855 | D:11     | 14855 ||| FLEEEEING.
 14856 | D:11     | 14856 ||| FLEEEEING.
 14857 | D:11     | 14857 ||| FLEEEEING.
 14858 | D:11     | 14858 ||| FLEEEEING.
 14859 | D:11     | 14859 ||| FLEEEEING.
 14860 | D:11     | 14860 ||| FLEEEEING.
 14861 | D:11     | 14861 ||| FLEEEEING.
 14862 | D:11     | 14862 ||| FLEEEEING.
 14863 | D:11     | 14863 ||| FLEEEEING.
 14869 | D:11     | 14869 ||| STAIRDANCE
 14919 | D:10     | 14919 ||| READING 3 scrolls of identify.
 14919 | D:10     | 14919 ||| IDENTIFYING green potion
 14935 | D:11     | 14935 ||| FLEEEEING.
 14936 | D:11     | 14936 ||| FLEEEEING.
 14937 | D:11     | 14937 ||| FLEEEEING.
 14945 | D:11     | 14945 ||| STAIRDANCE
 15120 | D:11     | 15120 ||| STAIRDANCE
 15224 | D:11     | 15224 ||| INVOKING Heroism.
 15339 | D:11     | Noticed a two-headed ogre
 15340 | D:11     | 15340 ||| Stepping ~*~*~tactically~*~*~ (stealth).
 15350 | D:11     | Killed a two-headed ogre
 15354 | D:11     | 15354 ||| Stepping ~*~*~tactically~*~*~ (stealth).
 15356 | D:11     | 15356 ||| Stepping ~*~*~tactically~*~*~ (stealth).
 15359 | D:11     | Noticed a two-headed ogre
 15360 | D:11     | 15360 ||| Stepping ~*~*~tactically~*~*~ (stealth).
 15374 | D:11     | 15374 ||| INVOKING Heroism.
 15375 | D:11     | Killed a two-headed ogre
 15499 | D:11     | Noticed a centaur warrior
 15512 | D:11     | Killed a centaur warrior
 15512 | D:11     | Identified the +3 buckler "Kufuhafy" {rPois rC- Int+9
                  | Dex-5} (Okawaru gifted it to you on level 11 of the
                  | Dungeon)
 15512 | D:11     | Received a gift from Okawaru
 15934 | D:11     | 15934 ||| Stepping ~*~*~tactically~*~*~ (hiding).
 15935 | D:11     | 15935 ||| Stepping ~*~*~tactically~*~*~ (hiding).
 16072 | D:11     | 16072 ||| PLANNING LAIR
 16072 | D:11     | 16072 ||| UPGRADING to +4 ring of evasion.
 16074 | D:11     | 16074 ||| DROPPING ring of willpower.
 16115 | Lair:1   | Entered Level 1 of the Lair of Beasts
 16144 | Lair:1   | 16144 ||| INVOKING Heroism.
 16168 | Lair:1   | Reached skill level 10 in Armour
 16198 | Lair:1   | 16198 ||| Stepping ~*~*~tactically~*~*~ (hiding).
 16358 | Lair:1   | 16358 ||| Stepping ~*~*~tactically~*~*~ (stealth).
 16364 | Lair:1   | 16364 ||| INVOKING Heroism.
 16473 | Lair:1   | 16473 ||| INVOKING Heroism.
 16480 | Lair:1   | Reached XP level 13. HP: 76/76 MP: 19/21
 16501 | Lair:1   | 16501 ||| INVOKING Heroism.
 16554 | Lair:1   | Identified the +6 hand axe of Nuklom {distort, rC+}
 16577 | Lair:1   | Reached skill level 15 in Axes
 16610 | Lair:1   | 16610 ||| INVOKING Heroism.
 16723 | Lair:1   | 16723 ||| Stepping ~*~*~tactically~*~*~ (stealth).
 16725 | Lair:1   | 16725 ||| Stepping ~*~*~tactically~*~*~ (stealth).
 16728 | Lair:1   | 16728 ||| Stepping ~*~*~tactically~*~*~ (stealth).
 16730 | Lair:1   | 16730 ||| Stepping ~*~*~tactically~*~*~ (stealth).
 17191 | Lair:1   | 17191 ||| READING scroll labelled RIAF MASOBIEHI.
 17239 | Lair:2   | 17239 ||| INVOKING Heroism.
 17240 | Lair:2   | 17240 ||| INVOKING Finesse.
 17242 | Lair:2   | 17242 ||| STAIRDANCE
 17286 | Lair:2   | 17286 ||| STAIRDANCE
 17293 | Lair:2   | 17293 ||| INVOKING Finesse.
 17295 | Lair:2   | 17295 ||| INVOKING Heroism.
 17494 | Lair:2   | 17494 ||| INVOKING Heroism.
 17593 | Lair:2   | 17593 ||| Stepping ~*~*~tactically~*~*~ (stealth).
 17596 | Lair:2   | 17596 ||| Stepping ~*~*~tactically~*~*~ (stealth).
 17599 | Lair:2   | 17599 ||| INVOKING Heroism.
 17600 | Lair:2   | 17600 ||| INVOKING Finesse.
 17605 | Lair:2   | 17605 ||| Stepping ~*~*~tactically~*~*~ (stealth).
 17613 | Lair:2   | 17613 ||| Stepping ~*~*~tactically~*~*~ (stealth).
 17624 | Lair:2   | 17624 ||| Stepping ~*~*~tactically~*~*~ (stealth).
 17646 | Lair:2   | 17646 ||| Stepping ~*~*~tactically~*~*~ (stealth).
 17648 | Lair:2   | 17648 ||| INVOKING Heroism.
 17659 | Lair:2   | Reached skill level 11 in Armour
 17665 | Lair:2   | Received a gift from Okawaru
 17674 | Lair:2   | 17674 ||| INVOKING Finesse.
 17932 | Lair:2   | 17932 ||| Stepping ~*~*~tactically~*~*~ (stealth).
 17937 | Lair:2   | 17937 ||| Stepping ~*~*~tactically~*~*~ (stealth).
 18013 | Lair:2   | 18013 ||| INVOKING Heroism.
 18016 | Lair:2   | 18016 ||| Stepping ~*~*~tactically~*~*~ (stealth).
 18058 | Lair:2   | Noticed Amaemon
 18058 | Lair:2   | 18058 ||| Stepping ~*~*~tactically~*~*~ (stealth).
 18060 | Lair:2   | 18060 ||| Stepping ~*~*~tactically~*~*~ (hiding).
 18073 | Lair:2   | Killed Amaemon
 18099 | Lair:2   | 18099 ||| INVOKING Heroism.
 18101 | Lair:2   | 18101 ||| Stepping ~*~*~tactically~*~*~ (stealth).
 18102 | Lair:2   | 18102 ||| Stepping ~*~*~tactically~*~*~ (stealth).
 18128 | Lair:2   | 18128 ||| Stepping ~*~*~tactically~*~*~ (stealth).
 18130 | Lair:2   | 18130 ||| Stepping ~*~*~tactically~*~*~ (stealth).
 18131 | Lair:2   | 18131 ||| Stepping ~*~*~tactically~*~*~ (stealth).
 18132 | Lair:2   | 18132 ||| Stepping ~*~*~tactically~*~*~ (stealth).
 18135 | Lair:2   | 18135 ||| Stepping ~*~*~tactically~*~*~ (stealth).
 18220 | Lair:2   | 18220 ||| INVOKING Heroism.
 18221 | Lair:2   | 18221 ||| INVOKING Finesse.
 18389 | Lair:2   | 18389 ||| INVOKING Heroism.
 18448 | Lair:2   | 18448 ||| DROPPING scarf of repulsion.
 18449 | Lair:2   | 18449 ||| UPGRADING to +1 pair of gloves.
 18454 | Lair:2   | 18454 ||| UPGRADING to +2 pair of gloves of infusion.
 18464 | Lair:2   | 18464 ||| DROPPING +1 pair of gloves.
 18465 | Lair:2   | 18465 ||| READING scroll labelled MIELECLUSAQ.
 18518 | Lair:3   | 18518 ||| INVOKING Heroism.
 18624 | Lair:3   | Found a staircase to the Snake Pit.
 18643 | Lair:3   | 18643 ||| INVOKING Heroism.
 18698 | Lair:3   | 18698 ||| INVOKING Heroism.
 18767 | Lair:3   | Reached skill level 12 in Armour
 18781 | Lair:3   | 18781 ||| FLEEEEING.
 18915 | Lair:3   | 18915 ||| Stepping ~*~*~tactically~*~*~ (stealth).
 18928 | Lair:3   | 18928 ||| INVOKING Heroism.
 18957 | Lair:3   | Reached XP level 14. HP: 84/84 MP: 20/22
 18966 | Lair:3   | Reached skill level 9 in Fighting
 19130 | Lair:3   | Identified the +6 morningstar of Moasiodd {speed, Fly rElec
                  | MP-9}
 19437 | Lair:3   | 19437 ||| Stepping ~*~*~tactically~*~*~ (stealth).
 19452 | Lair:3   | 19452 ||| INVOKING Heroism.
 19457 | Lair:3   | Received a gift from Okawaru
 19528 | Lair:3   | 19528 ||| Stepping ~*~*~tactically~*~*~ (hiding).
 19593 | Lair:3   | Identified the +9 morningstar of the Sky {antimagic, Int+2}
 19634 | Lair:3   | 19634 ||| Stepping ~*~*~tactically~*~*~ (hiding).
 19635 | Lair:3   | 19635 ||| Stepping ~*~*~tactically~*~*~ (hiding).
 19645 | Lair:3   | 19645 ||| Stepping ~*~*~tactically~*~*~ (stealth).
 19778 | Lair:3   | 19778 ||| Stepping ~*~*~tactically~*~*~ (hiding).
 19790 | Lair:3   | Received a gift from Okawaru
 19838 | Lair:3   | 19838 ||| INVOKING Heroism.
 19989 | Lair:3   | Found a staircase to the Swamp.
 20101 | Lair:3   | 20101 ||| DROPPING ring of positive energy.
 20102 | Lair:3   | 20102 ||| READING scroll labelled QOYNUM UMPYIGH.
 20106 | Lair:3   | 20106 ||| DROPPING scroll of magic mapping.
 20261 | Lair:4   | Identified the +1 short sword of the Vaults {pain, Int+5}
 20317 | Lair:4   | 20317 ||| Stepping ~*~*~tactically~*~*~ (stealth).
 20359 | Lair:4   | 20359 ||| Stepping ~*~*~tactically~*~*~ (stealth).
 20360 | Lair:4   | 20360 ||| INVOKING Heroism.
 21231 | Lair:3   | Reached skill level 13 in Armour
 21340 | Lair:4   | 21340 ||| INVOKING Heroism.
 21348 | Lair:4   | Received a gift from Okawaru
 21349 | Lair:4   | Reached skill level 6 in Throwing
 21643 | Lair:5   | Entered Level 5 of the Lair of Beasts
 21644 | Lair:5   | 21644 ||| INVOKING Heroism.
 21646 | Lair:5   | 21646 ||| SWAPPING to +6 morningstar of Moasiodd {speed,
                  | Fly rElec MP-9}.
 21650 | Lair:5   | 21650 ||| SWAPPING to +3 war axe of draining.
 21742 | Lair:5   | 21742 ||| Stepping ~*~*~tactically~*~*~ (stealth).
 21747 | Lair:5   | Reached skill level 6 in Shields
 21752 | Lair:5   | 21752 ||| Stepping ~*~*~tactically~*~*~ (stealth).
 21755 | Lair:5   | 21755 ||| Stepping ~*~*~tactically~*~*~ (stealth).
 21759 | Lair:5   | 21759 ||| Stepping ~*~*~tactically~*~*~ (stealth).
 21763 | Lair:5   | 21763 ||| Stepping ~*~*~tactically~*~*~ (stealth).
 21767 | Lair:5   | 21767 ||| Stepping ~*~*~tactically~*~*~ (stealth).
 21768 | Lair:5   | 21768 ||| Stepping ~*~*~tactically~*~*~ (stealth).
 21876 | Lair:5   | 21876 ||| Stepping ~*~*~tactically~*~*~ (stealth).
 21888 | Lair:5   | 21888 ||| Stepping ~*~*~tactically~*~*~ (stealth).
 21889 | Lair:5   | 21889 ||| Stepping ~*~*~tactically~*~*~ (stealth).
 21918 | Lair:5   | 21918 ||| INVOKING Heroism.
 21919 | Lair:5   | 21919 ||| INVOKING Finesse.
 21921 | Lair:5   | 21921 ||| SWAPPING to +6 morningstar of Moasiodd {speed,
                  | Fly rElec MP-9}.
 21927 | Lair:5   | 21927 ||| SWAPPING to +3 war axe of draining.
 22024 | Lair:5   | 22024 ||| INVOKING Heroism.
 22046 | Lair:5   | Received a gift from Okawaru
 22297 | Lair:5   | Found a staircase to the Slime Pits.
 22298 | Lair:5   | Found a viscous altar of Jiyva.
 22320 | Lair:5   | 22320 ||| INVOKING Heroism.
 22321 | Lair:5   | 22321 ||| INVOKING Finesse.
 22324 | Lair:5   | 22324 ||| SWAPPING to +6 morningstar of Moasiodd {speed,
                  | Fly rElec MP-9}.
 22326 | Lair:5   | 22326 ||| SWAPPING to +3 war axe of draining.
 22707 | Lair:5   | 22707 ||| Stepping ~*~*~tactically~*~*~ (hiding).
 22710 | Lair:5   | 22710 ||| INVOKING Heroism.
 22923 | Lair:5   | 22923 ||| INVOKING Heroism.
 22924 | Lair:5   | 22924 ||| INVOKING Finesse.
 22994 | Lair:5   | 22994 ||| INVOKING Heroism.
 22999 | Lair:5   | 22999 ||| Stepping ~*~*~tactically~*~*~ (cloud).
 23017 | Lair:5   | 23017 ||| Stepping ~*~*~tactically~*~*~ (stealth).
 23077 | Lair:5   | 23077 ||| Stepping ~*~*~tactically~*~*~ (stealth).
 23079 | Lair:5   | 23079 ||| INVOKING Heroism.
 23106 | Lair:5   | Noticed Urug
 23107 | Lair:5   | 23107 ||| Stepping ~*~*~tactically~*~*~ (stealth).
 23112 | Lair:5   | Killed Urug
 23113 | Lair:5   | Reached skill level 14 in Armour
 23135 | Lair:5   | 23135 ||| Stepping ~*~*~tactically~*~*~ (hiding).
 23137 | Lair:5   | 23137 ||| INVOKING Heroism.
 23139 | Lair:5   | 23139 ||| Stepping ~*~*~tactically~*~*~ (cloud).
 23159 | Lair:5   | Reached XP level 15. HP: 68/92 MP: 1/23
 23346 | Lair:5   | 23346 ||| Stepping ~*~*~tactically~*~*~ (stealth).
 23349 | Lair:5   | 23349 ||| Stepping ~*~*~tactically~*~*~ (hiding).
 23354 | Lair:5   | 23354 ||| Stepping ~*~*~tactically~*~*~ (hiding).
 23381 | Lair:5   | 23381 ||| Stepping ~*~*~tactically~*~*~ (stealth).
 23385 | Lair:5   | 23385 ||| INVOKING Heroism.
 23391 | Lair:5   | 23391 ||| Stepping ~*~*~tactically~*~*~ (stealth).
 23392 | Lair:5   | 23392 ||| Stepping ~*~*~tactically~*~*~ (stealth).
 23547 | Lair:5   | 23547 ||| Stepping ~*~*~tactically~*~*~ (cloud).
 23558 | Lair:5   | 23558 ||| Stepping ~*~*~tactically~*~*~ (cloud).
 23621 | Lair:5   | 23621 ||| Stepping ~*~*~tactically~*~*~ (hiding).
 23755 | Lair:5   | 23755 ||| PLANNING D
 23911 | D:12     | Found the amulet of Elemental Vulnerability {rPois rF--
                  | rC-- AC+8}
 23923 | D:12     | Reached skill level 15 in Armour
 24064 | D:12     | Identified the +7 war axe of the Zealous God {freeze, rF+
                  | Int+5}
 24066 | D:12     | 24066 ||| SWAPPING to +7 war axe of the Zealous God
                  | {freeze, rF+ Int+5}.
 24067 | D:12     | 24067 ||| DROPPING +3 war axe of draining.
 24095 | D:12     | 24095 ||| Stepping ~*~*~tactically~*~*~ (stealth).
 24362 | D:12     | 24362 ||| Stepping ~*~*~tactically~*~*~ (hiding).
 24369 | D:12     | 24369 ||| INVOKING Heroism.
 24383 | D:12     | Received a gift from Okawaru
 24386 | D:12     | 24386 ||| Stepping ~*~*~tactically~*~*~ (stealth).
 24622 | D:12     | Found a staircase to the Orcish Mines.
 24643 | D:12     | 24643 ||| INVOKING Heroism.
 24783 | D:12     | 24783 ||| INVOKING Heroism.
 24897 | D:12     | Found a portal to a secret trove of treasure.
 25077 | D:12     | 25077 ||| DROPPING +2 hat.
 25245 | D:13     | Found a runed translucent door.
 25268 | D:13     | Identified the +1 pair of gloves of the Hanged Man {+Blink
                  | Stlth+} (Okawaru gifted it to you on level 13 of the
                  | Dungeon)
 25268 | D:13     | Received a gift from Okawaru
 25294 | D:13     | Identified the +0 chain mail of Suliyg {rF+ Int+2}
 25327 | D:13     | 25327 ||| INVOKING Heroism.
 25418 | D:13     | 25418 ||| INVOKING Heroism.
 26121 | D:13     | 26121 ||| DROPPING +1 pair of gloves of the Hanged Man
                  | {+Blink Stlth+}.
 26206 | D:14     | 26206 ||| Stepping ~*~*~tactically~*~*~ (hiding).
 26316 | D:14     | 26316 ||| Stepping ~*~*~tactically~*~*~ (hiding).
 26317 | D:14     | 26317 ||| Stepping ~*~*~tactically~*~*~ (hiding).
 26358 | D:14     | Noticed Kirke
 26359 | D:14     | 26359 ||| Stepping ~*~*~tactically~*~*~ (stealth).
 26361 | D:14     | 26361 ||| INVOKING Heroism.
 26362 | D:14     | 26362 ||| INVOKING Finesse.
 26363 | D:14     | Noticed a sphinx
 26364 | D:14     | 26364 ||| Stepping ~*~*~tactically~*~*~ (hiding).
 26382 | D:14     | Noticed a sphinx
 26382 | D:14     | Killed Kirke
 26531 | D:14     | 26531 ||| Stepping ~*~*~tactically~*~*~ (stealth).
 26532 | D:14     | 26532 ||| Stepping ~*~*~tactically~*~*~ (stealth).
 26533 | D:14     | 26533 ||| Stepping ~*~*~tactically~*~*~ (stealth).
 26536 | D:14     | 26536 ||| INVOKING Heroism.
 26589 | D:14     | 26589 ||| Stepping ~*~*~tactically~*~*~ (hiding).
 26635 | D:14     | 26635 ||| Stepping ~*~*~tactically~*~*~ (stealth).
 26636 | D:14     | 26636 ||| INVOKING Heroism.
 26800 | D:14     | 26800 ||| Stepping ~*~*~tactically~*~*~ (hiding).
 26801 | D:14     | 26801 ||| Stepping ~*~*~tactically~*~*~ (hiding).
 26805 | D:14     | 26805 ||| Stepping ~*~*~tactically~*~*~ (hiding).
 26807 | D:14     | 26807 ||| Stepping ~*~*~tactically~*~*~ (hiding).
 26921 | D:14     | 26921 ||| Stepping ~*~*~tactically~*~*~ (hiding).
 26955 | D:14     | 26955 ||| INVOKING Heroism.
 26956 | D:14     | 26956 ||| SWAPPING to +6 morningstar of Moasiodd {speed,
                  | Fly rElec MP-9}.
 26960 | D:14     | 26960 ||| SWAPPING to +7 war axe of the Zealous God
                  | {freeze, rF+ Int+5}.
 27062 | D:14     | Found a gate to the Vaults.
 27065 | D:14     | 27065 ||| INVOKING Heroism.
 27069 | D:14     | 27069 ||| Stepping ~*~*~tactically~*~*~ (hiding).
 27081 | D:14     | Reached skill level 16 in Armour
 27171 | D:14     | Noticed Azrael
 27172 | D:14     | 27172 ||| INVOKING Heroism.
 27183 | D:14     | Killed Azrael
 27557 | D:15     | Entered Level 15 of the Dungeon
 27577 | D:15     | 27577 ||| Stepping ~*~*~tactically~*~*~ (hiding).
 27581 | D:15     | 27581 ||| INVOKING Heroism.
 27702 | D:15     | Found a staircase to the Depths.
 27850 | D:15     | Found the +3 salamander hide armour {Flames rF++ rC--}
 27874 | D:15     | Noticed Rupert
 27875 | D:15     | 27875 ||| INVOKING Heroism.
 27875 | D:15     | Paralysed by Rupert for 5 turns
 27886 | D:15     | Reached XP level 16. HP: 81/101 MP: 16/24
 27889 | D:15     | Killed Rupert
 27889 | D:15     | Received a gift from Okawaru
 27890 | D:15     | Reached skill level 12 in Fighting
 28204 | D:15     | 28204 ||| Stepping ~*~*~tactically~*~*~ (stealth).
 28206 | D:15     | 28206 ||| INVOKING Heroism.
 28208 | D:15     | 28208 ||| Stepping ~*~*~tactically~*~*~ (stealth).
 28402 | D:15     | 28402 ||| INVOKING Heroism.
 28403 | D:15     | 28403 ||| SWAPPING to +6 morningstar of Moasiodd {speed,
                  | Fly rElec MP-9}.
 28404 | D:15     | 28404 ||| INVOKING Finesse.
 28409 | D:15     | 28409 ||| SWAPPING to +7 war axe of the Zealous God
                  | {freeze, rF+ Int+5}.
 28535 | D:15     | 28535 ||| Stepping ~*~*~tactically~*~*~ (hiding).
 28602 | D:15     | Found Mayciexe's Antique Weapon Emporium.
 28681 | D:15     | 28681 ||| PLANNING ORC
 28789 | Orc:1    | Entered Level 1 of the Orcish Mines
 28791 | Orc:1    | 28791 ||| INVOKING Heroism.
 28896 | Orc:1    | 28896 ||| INVOKING Heroism.
 29137 | Orc:2    | Entered Level 2 of the Orcish Mines
 29138 | Orc:2    | 29138 ||| PLANNING GAUNTLET
 29138 | Orc:2    | 29138 ||| INVOKING Heroism.
 29146 | Orc:2    | Received a gift from Okawaru
 29166 | Orc:2    | 29166 ||| Stepping ~*~*~tactically~*~*~ (stealth).
 29167 | Orc:2    | 29167 ||| Stepping ~*~*~tactically~*~*~ (stealth).
 29183 | Orc:2    | 29183 ||| Stepping ~*~*~tactically~*~*~ (stealth).
 29184 | Orc:2    | 29184 ||| Stepping ~*~*~tactically~*~*~ (stealth).
 29205 | Orc:2    | 29205 ||| Stepping ~*~*~tactically~*~*~ (stealth).
 29206 | Orc:2    | 29206 ||| Stepping ~*~*~tactically~*~*~ (stealth).
 29212 | Orc:2    | 29212 ||| Stepping ~*~*~tactically~*~*~ (stealth).
 29264 | Orc:2    | Found a staircase to the Elven Halls.
 29329 | Orc:2    | 29329 ||| Stepping ~*~*~tactically~*~*~ (stealth).
 29335 | Orc:2    | 29335 ||| Stepping ~*~*~tactically~*~*~ (stealth).
 29337 | Orc:2    | 29337 ||| Stepping ~*~*~tactically~*~*~ (hiding).
 29344 | Orc:2    | 29344 ||| INVOKING Heroism.
 29349 | Orc:2    | Found Dessuq's General Store.
 29361 | Orc:2    | Found Yxazirai's General Store.
 29371 | Orc:2    | 29371 ||| Stepping ~*~*~tactically~*~*~ (hiding).
 29380 | Orc:2    | 29380 ||| Stepping ~*~*~tactically~*~*~ (stealth).
 29450 | Orc:2    | 29450 ||| INVOKING Heroism.
 29460 | Orc:2    | 29460 ||| Stepping ~*~*~tactically~*~*~ (stealth).
 29474 | Orc:2    | 29474 ||| Stepping ~*~*~tactically~*~*~ (hiding).
 29481 | Orc:2    | 29481 ||| Stepping ~*~*~tactically~*~*~ (stealth).
 29483 | Orc:2    | 29483 ||| Stepping ~*~*~tactically~*~*~ (stealth).
 29522 | Orc:2    | 29522 ||| BUYING potion of heal wounds (55 gold).
 29522 | Orc:2    | Bought a potion of heal wounds for 55 gold pieces
 29538 | Orc:2    | 29538 ||| INVOKING Heroism.
 29540 | Orc:2    | 29540 ||| Stepping ~*~*~tactically~*~*~ (stealth).
 29551 | Orc:2    | Gained mutation: You expend magic power (3 MP) to
                  | strengthen your wands. [a neqoxec]
 29556 | Orc:2    | 29556 ||| Stepping ~*~*~tactically~*~*~ (hiding).
 29564 | Orc:2    | 29564 ||| INVOKING Heroism.
 29640 | Orc:2    | 29640 ||| RIP GAUNTLET
 29653 | Orc:2    | 29653 ||| PLANNING ORC
 29695 | Orc:2    | 29695 ||| Stepping ~*~*~tactically~*~*~ (hiding).
 29724 | Orc:2    | 29724 ||| INVOKING Heroism.
 29729 | Orc:2    | Paralysed by an orc sorcerer for 5 turns
 29748 | Orc:2    | 29748 ||| Stepping ~*~*~tactically~*~*~ (hiding).
 29769 | Orc:2    | 29769 ||| FLEEEEING.
 29888 | Orc:2    | 29888 ||| INVOKING Heroism.
 29893 | Orc:2    | Reached skill level 9 in Throwing
 29954 | Orc:2    | 29954 ||| INVOKING Heroism.
 29955 | Orc:2    | Found Kesellue's Antique Weapon Shoppe.
 29955 | Orc:2    | Found Lemos's Book Emporium.
 29955 | Orc:2    | Found a one-way gate leading to the halls of Pandemonium.
 30006 | Orc:2    | 30006 ||| Stepping ~*~*~tactically~*~*~ (hiding).
 30065 | Orc:2    | 30065 ||| FLEEEEING.
 30066 | Orc:2    | 30066 ||| FLEEEEING.
 30067 | Orc:2    | 30067 ||| FLEEEEING.
 30068 | Orc:2    | 30068 ||| FLEEEEING.
 30098 | Orc:2    | 30098 ||| FLEEEEING.
 30099 | Orc:2    | 30099 ||| FLEEEEING.
 30100 | Orc:2    | 30100 ||| FLEEEEING.
 30101 | Orc:2    | 30101 ||| FLEEEEING.
 30102 | Orc:2    | 30102 ||| FLEEEEING.
 30103 | Orc:2    | 30103 ||| FLEEEEING.
 30104 | Orc:2    | 30104 ||| FLEEEEING.
 30105 | Orc:2    | 30105 ||| FLEEEEING.
 30106 | Orc:2    | 30106 ||| FLEEEEING.
 30107 | Orc:2    | 30107 ||| FLEEEEING.
 30108 | Orc:2    | 30108 ||| FLEEEEING.
 30109 | Orc:2    | 30109 ||| FLEEEEING.
 30110 | Orc:2    | 30110 ||| FLEEEEING.
 30111 | Orc:2    | 30111 ||| FLEEEEING.
 30113 | Orc:2    | 30113 ||| FLEEEEING.
 30114 | Orc:2    | 30114 ||| FLEEEEING.
 30115 | Orc:2    | 30115 ||| FLEEEEING.
 30117 | Orc:2    | 30117 ||| FLEEEEING.
 30118 | Orc:2    | 30118 ||| FLEEEEING.
 30119 | Orc:2    | 30119 ||| FLEEEEING.
 30121 | Orc:2    | 30121 ||| FLEEEEING.
 30122 | Orc:2    | 30122 ||| FLEEEEING.
 30123 | Orc:2    | 30123 ||| FLEEEEING.
 30124 | Orc:2    | 30124 ||| FLEEEEING.
 30130 | Orc:2    | 30130 ||| FLEEEEING.
 30135 | Orc:2    | 30135 ||| FLEEEEING.
 30136 | Orc:2    | 30136 ||| FLEEEEING.
 30137 | Orc:2    | 30137 ||| FLEEEEING.
 30264 | Orc:2    | Found a transporter.
 30408 | Orc:2    | 30408 ||| INVOKING Heroism.
 30548 | Orc:2    | Found a transporter.
 30598 | Orc:2    | Noticed qw's ghost (journeyman TeWr)
 30692 | Orc:1    | 30692 ||| INVOKING Heroism.
 30970 | Orc:1    | 30970 ||| PLANNING SWAMP:1-3
 31199 | Swamp:1  | Entered Level 1 of the Swamp
 31200 | Swamp:1  | 31200 ||| INVOKING Heroism.
 31203 | Swamp:1  | 31203 ||| Stepping ~*~*~tactically~*~*~ (stealth).
 31205 | Swamp:1  | 31205 ||| SWAPPING to +6 morningstar of Moasiodd {speed,
                  | Fly rElec MP-9}.
 31206 | Swamp:1  | 31206 ||| Stepping ~*~*~tactically~*~*~ (stealth).
 31209 | Swamp:1  | 31209 ||| Stepping ~*~*~tactically~*~*~ (stealth).
 31211 | Swamp:1  | Reached skill level 17 in Armour
 31211 | Swamp:1  | 31211 ||| SWAPPING to +7 war axe of the Zealous God
                  | {freeze, rF+ Int+5}.
 31241 | Swamp:1  | 31241 ||| Stepping ~*~*~tactically~*~*~ (stealth).
 31244 | Swamp:1  | 31244 ||| Stepping ~*~*~tactically~*~*~ (hiding).
 31339 | Swamp:1  | 31339 ||| INVOKING Heroism.
 31350 | Swamp:1  | 31350 ||| Stepping ~*~*~tactically~*~*~ (cloud).
 31512 | Swamp:1  | 31512 ||| Stepping ~*~*~tactically~*~*~ (stealth).
 31513 | Swamp:1  | 31513 ||| INVOKING Heroism.
 31527 | Swamp:1  | Reached skill level 6 in Dodging
 31536 | Swamp:1  | Received a gift from Okawaru
 31614 | Swamp:1  | Identified Roxanne's Directory of Terrain
 31614 | Swamp:1  | Noticed Roxanne
 31615 | Swamp:1  | 31615 ||| INVOKING Heroism.
 31616 | Swamp:1  | 31616 ||| INVOKING Finesse.
 31625 | Swamp:1  | Killed Roxanne
 31726 | Swamp:1  | 31726 ||| INVOKING Heroism.
 31731 | Swamp:1  | Received a gift from Okawaru
 31776 | Swamp:1  | 31776 ||| Stepping ~*~*~tactically~*~*~ (stealth).
 31797 | Swamp:1  | 31797 ||| Stepping ~*~*~tactically~*~*~ (stealth).
 31805 | Swamp:1  | 31805 ||| Stepping ~*~*~tactically~*~*~ (hiding).
 31806 | Swamp:1  | 31806 ||| Stepping ~*~*~tactically~*~*~ (hiding).
 31809 | Swamp:1  | 31809 ||| INVOKING Heroism.
 32220 | Swamp:2  | 32220 ||| Stepping ~*~*~tactically~*~*~ (stealth).
 32225 | Swamp:2  | 32225 ||| Stepping ~*~*~tactically~*~*~ (stealth).
 32336 | Swamp:2  | 32336 ||| Stepping ~*~*~tactically~*~*~ (hiding).
 32337 | Swamp:2  | 32337 ||| Stepping ~*~*~tactically~*~*~ (hiding).
 32338 | Swamp:2  | 32338 ||| Stepping ~*~*~tactically~*~*~ (hiding).
 32351 | Swamp:2  | 32351 ||| INVOKING Heroism.
 32352 | Swamp:2  | 32352 ||| SWAPPING to +6 morningstar of Moasiodd {speed,
                  | Fly rElec MP-9}.
 32353 | Swamp:2  | 32353 ||| INVOKING Finesse.
 32356 | Swamp:2  | 32356 ||| SWAPPING to +7 war axe of the Zealous God
                  | {freeze, rF+ Int+5}.
 32465 | Swamp:2  | 32465 ||| Stepping ~*~*~tactically~*~*~ (hiding).
 32478 | Swamp:2  | Received a gift from Okawaru
 32479 | Swamp:2  | Reached skill level 18 in Armour
 32838 | Swamp:2  | 32838 ||| DROPPING orb of light.
 32857 | Swamp:3  | 32857 ||| INVOKING Heroism.
 32914 | Swamp:3  | 32914 ||| INVOKING Heroism.
 32924 | Swamp:3  | 32924 ||| Stepping ~*~*~tactically~*~*~ (hiding).
 32925 | Swamp:3  | 32925 ||| Stepping ~*~*~tactically~*~*~ (hiding).
 32957 | Swamp:3  | Received a gift from Okawaru
 32960 | Swamp:3  | HP: 25/103 [death yak[a spriggan berserker] (1)]
 32961 | Swamp:3  | 32961 ||| READING 8 scrolls of teleportation.
 32962 | Swamp:3  | 32962 ||| DRINKING 7 potions of heal wounds.
 32963 | Swamp:3  | Mangled by a death yak

Levels and vault maps discovered:
D:1:      shiori_arrival_oz, layout_basic, basic_ecumenical_altar,
          minmay_hexomino_c4
D:2:      layout_basic, basic_altar, serial_shops, shop, uniq_natasha
D:3:      layout_basic, nicolae_overflow_hidden_temple, general_overflow_altar,
          serial_shops, shop, grunt_decor_one_mirror, nicolae_shop_vocational
D:4:      layout_cave_pods, overflow_temple_1_default,
          minmay_temple_entry_gardened_gates, serial_forest,
          infiniplex_forest_clump_tiny, infiniplex_forest_clump_curved,
          infiniplex_forest_lined_corner, infiniplex_forest_straight_3,
          infiniplex_forest_lined_2, infiniplex_forest_clump_C,
          minmay_misc_feat_secret_circle, kennysheep_minor_cross
D:5:      layout_loops_ring, st_stairs_4, uniq_menkaure, uniq_sigmund, uniq_ijyb
D:6:      layout_basic, uniq_maggie
D:7:      layout_rooms, elyvilon_altar_4, gammafunk_ghost_hive, uniq_pikel
D:8:      layout_loops_ring, uniq_psyche
D:9:      minmay_skewed_foursquare, layout_basic, special_room
          [special_room_bee]
D:10:     layout_basic, led_sif_book, eino_tiny_chamber,
          minmay_misc_feat_enclosed
D:11:     minmay_the_grid_3x2 [minmay_the_grid_armoury, minmay_the_grid_gridbox,
          minmay_the_grid_mess, minmay_the_grid_fan,
          minmay_the_grid_outer_circle, minmay_the_grid_prize_four_corners],
          layout_irregular_city, dpeg_oklobed_lair,
          chequers_serial_rivers_micro_a
D:12:     layout_basic, minmay_orc_entry_temple_small,
          nicolae_trove_entry_crystal, drop_trap
D:13:     layout_cave_pods, special_room [special_room_orc],
          kennysheep_treasure_room
D:14:     layout_roguey, skrybe_vaults_entry_preservation,
          kennysheep_crisscross, uniq_kirke, uniq_azrael
D:15:     grunt_enter_depths_hoard, layout_long_grid, serial_shops,
          nicolae_shop_crystal, nicolae_figureground_sparkle, uniq_rupert
Temple:   sentei_temple_godly_chess
Lair:1:   layout_concentric_octagons, serial_bayou_lagoon_a, grunt_megastairs_3,
          serial_bayou_shore_a, lemuel_fruit_fields, infiniplex_staircase_pool,
          lemuel_fruit_tree, serial_bayou_shore_b
Lair:2:   layout_loops_ring, st_stairs_13, beast_lair_carwin_10, uniq_amaemon
Lair:3:   layout_roguey, minmay_swamp_entry_worms, guppyfry_snake_entry_island,
          nzn_random_ring
Lair:4:   minmay_lair_oklob_tunnel, layout_concentric_octagons
Lair:5:   evilmike_catoblepas_cave, layout_cave_pods, slime_entry_1,
          grunt_megastairs_5, lemuel_fruit_fields, uniq_urug
Swamp:1:  layout_falls_marsh, nicolae_swamp_bean_lake,
          nicolae_swamp_alligator_family, uniq_roxanne
Swamp:2:  layout_basic_swamp, evilmike_swamp_ruin_house_5,
          infiniplex_staircase_pool_2
Swamp:3:  layout_basic_swamp, hangedman_swamp_ruin_wall, swamp_pool4,
          hangedman_swamp_lotus, nicolae_swamp_trees_clearing
Orc:1:    layout_diamond_mine, basic_altar
Orc:2:    pf_orc_diabolical, layout_caves, gammafunk_ghost_stat_death,
          gauntlet_entry_generic

Skill      XL: |  1  2  3  4  5  6  7  8  9 10 11 12 13 14 15 16 |
---------------+-------------------------------------------------+-----
Axes           | 3 4 5 6 7 8 9 12 13 14 16 | 16.0
Armour         | 2 3 4 5 8 10 12 14 16 18 | 18.0
Fighting       | 3 4 5 6 7 8 10 11 12 | 12.9
Throwing       | 2 3 4 7 8 9 |  9.0
Invocations    | 4 5 8 10 | 10.0
Dodging        | 3 4 5 6 |  6.1
Shields        | 2 4 5 6 7 8 |  8.0
Spellcasting   | |  2.0
Translocations | |  2.4

Action                   |  1- 3 |  4- 6 |  7- 9 | 10-12 | 13-15 | 16-18 || total
-------------------------+-------+-------+-------+-------+-------+-------++-------
Melee: Hand axe          |    74 |   146 |       |       |       |       ||   220
       Kick              |    14 |    41 |    47 |   104 |   292 |   125 ||   623
       Peck              |     9 |    24 |    33 |    76 |   173 |    82 ||   397
       Punch             |     2 |     3 |     5 |     1 |       |       ||    11
       War axe           |       |    20 |   149 |   395 |   692 |   355 ||  1611
       Morningstar       |       |       |       |       |     9 |     8 ||    17
Throw: Boomerang         |     7 |       |     3 |     4 |    39 |     4 ||    57
       Javelin           |     4 |    56 |    39 |    76 |   178 |    56 ||   409
Invok: Heroism           |       |       |     9 |    26 |    42 |    23 ||   100
       Finesse           |       |       |       |     1 |     9 |     3 ||    13
  Use: Scroll            |     6 |     4 |     8 |     8 |     3 |     1 ||    30
       Potion            |       |       |     4 |     7 |       |     1 ||    12
 Stab: Paralysed         |       |       |       |       |       |     1 ||     1
Armor: Leather armour    |     6 |       |       |       |       |       ||     6
       Ring mail         |     9 |    36 |       |       |       |       ||    45
       Chain mail        |       |    27 |    47 |    64 |       |       ||   138
       Crystal plate arm |       |       |       |   122 |   286 |   151 ||   559
       Plate armour      |       |       |       |     3 |       |       ||     3
Dodge: Dodged            |    45 |    84 |    32 |    91 |   173 |   106 ||   531
Block: Other             |       |       |    15 |    16 |       |       ||    31
       Buckler           |       |       |       |   143 |   250 |   130 ||   523
       Reflection        |       |       |       |    16 |    23 |     6 ||    45

Table legend:
 A = Non-vault XP
 B = Vault XP
 C = Vault XP percentage of total XP
 D = Non-vault monster count
 E = Vault monster count
 F = Vault count percentage of total count
                 A         B        C        D         E       F
            +---------+---------+-------+---------+---------+-------
      Total |  108986 |   71581 |  39.6 |     508 |     254 |  33.3
            +---------+---------+-------+---------+---------+-------
        D:1 |      42 |      14 |  25.0 |      22 |       8 |  26.7
        D:2 |     208 |      35 |  14.4 |      27 |       1 |   3.6
        D:3 |      67 |       0 |   0.0 |      16 |       0 |   0.0
        D:4 |     335 |       0 |   0.0 |      18 |       0 |   0.0
        D:5 |    1216 |     606 |  33.3 |      18 |       5 |  21.7
        D:6 |     461 |     418 |  47.6 |       8 |       1 |  11.1
        D:7 |    1721 |     687 |  28.5 |      32 |       2 |   5.9
        D:8 |    1543 |     365 |  19.1 |      23 |       1 |   4.2
        D:9 |     518 |    2742 |  84.1 |      12 |      32 |  72.7
       D:10 |    3243 |      71 |   2.1 |      15 |       2 |  11.8
       D:11 |    2780 |   11458 |  80.5 |      13 |      27 |  67.5
       D:12 |    6908 |     138 |   2.0 |      28 |       8 |  22.2
       D:13 |    4911 |    1206 |  19.7 |      20 |      20 |  50.0
       D:14 |    8333 |    9739 |  53.9 |      19 |      20 |  51.3
       D:15 |    7510 |    3626 |  32.6 |      16 |       3 |  15.8
     Lair:1 |    7238 |     692 |   8.7 |      22 |       6 |  21.4
     Lair:2 |    7007 |    4446 |  38.8 |      18 |      13 |  41.9
     Lair:3 |    9583 |    4126 |  30.1 |      32 |      14 |  30.4
     Lair:4 |    3233 |    1958 |  37.7 |      14 |       4 |  22.2
     Lair:5 |   12224 |   13991 |  53.4 |      39 |      28 |  41.8
    Swamp:1 |   12692 |    2956 |  18.9 |      26 |       3 |  10.3
    Swamp:2 |    7074 |       0 |   0.0 |      11 |       0 |   0.0
    Swamp:3 |    6763 |       0 |   0.0 |      15 |       0 |   0.0
      Orc:1 |     933 |       0 |   0.0 |      26 |       0 |   0.0
      Orc:2 |    2443 |   12307 |  83.4 |      18 |      56 |  75.7
            +---------+---------+-------+---------+---------+-------
